 Dungeon Crawl Stone Soup version 0.28.0-53-g5a82cb258f (webtiles) character file.

Game seed: 7969886742912897029

716 Zeld the Magician (level 7, -5/36 HPs)
             Began as a Deep Elf Conjurer on June 9, 2022.
             Was an Initiate of Gozag.
             Slain by an ancient zyme (10 damage)
             ... on level 1 of the Abyss.
             The game lasted 00:06:45 (6793 turns).

Zeld the Magician (Deep Elf Conjurer)               Turns: 6793, Time: 00:06:46

Health: -5/36      AC:  4    Str:  4    XL:     7   Next: 41%
Magic:  20/20      EV: 12    Int: 25    God:    Gozag
Gold:   233        SH:  0    Dex: 13    Spells: 10/21 levels left

rFire   . . .      SeeInvis .   (no weapon)
rCold   . . .      Faith    .   (no shield)
rNeg    . . .      Spirit   .   a - +0 robe
rPois   .          Reflect  .   (no helmet)
rElec   .          Harm     .   (no cloak)
rCorr   .          Rampage  .   e - +0 pair of gloves
Will    .....                   s - +0 pair of boots
Stlth   ++........              (no amulet)
HPRegen 0.12/turn               (no ring)
MPRegen 0.17/turn               (no ring)

@: no status effects
A: no striking features
a: Renounce Religion, Potion Petition, Call Merchant, Bribe Branch


You were on level 1 of the Abyss.
You worshipped Gozag.
Gozag was aware of your devotion.
You visited 2 branches of the dungeon, and saw 7 of its levels.
You visited the Abyss 1 time.

You collected 303 gold pieces.
You paid 70 gold pieces to Gozag.

Inventory:

Armour
 a - a +0 robe (worn)
 e - a +0 pair of gloves (worn)
 s - a +0 pair of boots (worn)
Wands
 v - a wand of iceblast (12)
 w - a wand of paralysis (3)
 z - a wand of flame (9)
Scrolls
 d - 2 scrolls of immolation {unknown}
 f - a scroll of enchant armour {unknown}
 h - 9 scrolls of identify {unknown}
 i - a scroll of teleportation {unknown}
 j - a scroll of fog {unknown}
 k - a scroll of noise {unknown}
 m - a scroll of enchant weapon {unknown}
 o - a scroll of vulnerability {unknown}
 p - a scroll of amnesia {unknown}
 q - 2 scrolls of magic mapping {unknown}
 t - a scroll of brand weapon {unknown}
 u - a scroll of holy word {unknown}
 x - a scroll of fear {unknown}
 y - a scroll of silence {unknown}
Potions
 b - a potion of mutation {unknown}
 c - a potion of magic {unknown}
 g - 2 potions of brilliance {unknown}
 l - 3 potions of curing {unknown}
 n - a potion of attraction {unknown}
 r - a potion of haste {unknown}


   Skills:
 - Level 2.4 Dodging
 - Level 2.4 Stealth
 + Level 7.7 Spellcasting
 + Level 7.4 Conjurations
 - Level 2.0 Hexes
 - Level 2.0 Translocations


You had 10 spell levels left.
You knew the following spells:

 Your Spells              Type           Power      Damage    Failure   Level
a - Magic Dart            Conj           100%       1d8       1%          1
b - Searing Ray           Conj           94%        2d7       1%          2
c - Fulminant Prism       Conj/Hex       16%        3d11      9%          4
d - Iskenderun's Mystic   Conj/Tloc      33%        2d8       9%          4

Your spell library contained the following spells:

 Spells                   Type           Power      Damage    Failure   Level
 Dazzling Flash           Conj/Hex       66%        N/A       2%          3
 Cause Fear               Hex            9%         N/A       26%         4
 Freezing Cloud           Conj/Ice/Air   11%        6-21      52%         5
 Simulacrum               Ice/Necr       4%         N/A       100%        6
 Dragon Form              Tmut           4%         N/A       100%        7
 Dragon's Call            Summ           4%         N/A       100%        9
 Polar Vortex             Ice            4%         N/A       100%        9


Dungeon Overview and Level Annotations

Branches:
Dungeon (6/15)             Temple (1/1) D:5

Altars:
Ashenzari
Cheibriados
Dithmenos
Elyvilon
Fedhas
Gozag
Hepliaklqana
Kikubaaqudgha
Makhleb
Nemelex Xobeh
Okawaru
Ru
Sif Muna
Trog
Uskayaw
Vehumet
Wu Jian
Xom
Yredelemnul
Zin
The Shining One

Portals:
Abyss: D:4

Annotations:
D:4 2 transporters, wingedge's ghost, amateur SpEE
D:5 Blork the orc; Ijyb


Message History

Blork the orc points at you and mumbles some strange words.
The magic dart hits you.
A scorpion zombie comes into view.
You bump into the rock wall.
Blork the orc looks satisfied for a moment.
Ijyb hits you with a +0 dagger of distortion.
You are cast into the Abyss!
This branch contains the abyssal rune of Zot.
Found a corrupted altar of Lugonu.
You start resting.
You feel less confused.
Magic restored.
A bone dragon appears in a shower of translocational energy.
Okay, then.
A large abomination comes into view.
A starcursed mass comes into view.
A starcursed mass splits.
The starcursed mass shrieks in your mind.
The starcursed mass shrieks in your mind.
A yellow draconian and a spatial vortex come into view.
An ancient zyme comes into view.
A spatial vortex comes into view.
You feel yourself growing ill in the presence of the ancient zyme.
You hit the ancient zyme but do no damage.
The ancient zyme hits you. The ancient zyme barely misses you.
You closely miss the ancient zyme.
A spatial vortex comes into view.
The ancient zyme hits you!
* * * LOW HITPOINT WARNING * * *
The ancient zyme barely misses you.
Unknown command.
The ancient zyme misses you. The ancient zyme closely misses you.
Unknown command.
A spatial vortex comes into view.
The yellow draconian roars!
The ancient zyme hits you.
* * * LOW HITPOINT WARNING * * *
The ancient zyme hits you!
You die...
Your body crumbles into a pile of gold.

##.#..#..##.
#...#X#.## # #
##.#..#.#..##
# #.....#..#.#
###.#...#..#
#####§XD###..#
#.....#.#..###
#..v.#..x.##
....##.##@..#
#.. #...#.#..#
.......## .#
.... . v#v. #d
..# ..# ## .
##


You could see a bone dragon, a starcursed mass, a yellow draconian, 2 spatial
vortices, an ancient zyme and a large abomination.

Vanquished Creatures
  Grinder (D:4)
  An ice beast (D:5)
  An ogre (D:5)
  A hound (D:4)
  A bullfrog zombie (D:5)
  A gnoll shaman (D:6)
  An orc priest (D:3)
  A scorpion zombie (D:5)
  3 gnolls (D:3)
  5 adders
  2 white imps
  2 ufetubi
  An adder skeleton (D:4)
  3 worms
  3 dart slugs
  5 orcs
  4 ball pythons
  5 endoplasms
  3 giant cockroaches
  3 goblins
  8 hobgoblins
  6 jackals (D:1)
  10 kobolds
  A quokka (D:4)
  4 bats
  14 frilled lizards
  4 rats
94 creatures vanquished.

Vanquished Creatures (others)
  A plant (D:3)
1 creature vanquished.

Grand Total: 95 creatures vanquished

Notes
Turn   | Place    | Note
-------+----------+-------------------------------------------
     0 | D:1      | Zeld the Deep Elf Conjurer began the quest for the Orb.
     0 | D:1      | Reached XP level 1. HP: 10/10 MP: 6/6
   227 | D:1      | Reached skill level 1 in Hexes
   247 | D:1      | Reached XP level 2. HP: 15/15 MP: 6/8
   271 | D:1      | Learned a level 2 spell: Searing Ray
   273 | D:1      | Reached skill level 1 in Translocations
   880 | D:1      | Reached XP level 3. HP: 19/19 MP: 7/9
  1911 | D:2      | Reached XP level 4. HP: 24/24 MP: 10/12
  2237 | D:3      | Reached skill level 5 in Conjurations
  2650 | D:3      | Reached XP level 5. HP: 28/28 MP: 5/14
  2939 | D:3      | Found a faded altar of an unknown god.
  2987 | D:3      | Reached skill level 5 in Spellcasting
  3653 | D:4      | Found a transporter.
  3801 | D:4      | You fall into a shaft and drop 2 floors!
  4204 | D:5      | Entered Level 5 of the Dungeon
  4282 | D:5      | Found a staircase to the Ecumenical Temple.
  4294 | Temple   | Entered the Ecumenical Temple
  4510 | Temple   | Became a worshipper of Gozag Ym Sagoz the Greedy
  5026 | D:4      | Learned a level 4 spell: Fulminant Prism
  5031 | D:4      | Learned a level 4 spell: Iskenderun's Mystic Blast
  5221 | D:4      | Reached XP level 6. HP: 32/32 MP: 13/16
  5286 | D:4      | Noticed Grinder
  5291 | D:4      | Paralysed by Grinder for 3 turns
  5296 | D:4      | Killed Grinder
  5386 | D:4      | Found a one-way gate to the infinite horrors of the Abyss.
  5386 | D:4      | Noticed wingedge's ghost (amateur SpEE)
  5399 | D:4      | Noticed a small abomination
  5414 | D:4      | Found a transporter.
  6357 | D:5      | Reached XP level 7. HP: 36/36 MP: 16/19
  6707 | D:5      | Noticed Ijyb
  6710 | D:5      | Noticed Blork the orc
  6717 | D:5      | Cast into level 1 of the Abyss (Ijyb)
  6717 | Abyss:1  | Found a corrupted altar of Lugonu.
  6731 | Abyss:1  | Noticed a bone dragon
  6773 | Abyss:1  | Noticed a starcursed mass
  6786 | Abyss:1  | Noticed a yellow draconian
  6786 | Abyss:1  | Noticed a spatial vortex
  6788 | Abyss:1  | Noticed an ancient zyme
  6789 | Abyss:1  | Noticed a spatial vortex
  6791 | Abyss:1  | Noticed a large abomination
  6791 | Abyss:1  | Noticed a spatial vortex
  6793 | Abyss:1  | Noticed a spatial vortex
  6793 | Abyss:1  | Slain by an ancient zyme

Illustrated notes

Levels and vault maps discovered:
D:1:      amcnicky_arrival_underground_garden, layout_loops_cross,
          item_on_display_a
D:2:      layout_loops_cross, minmay_liquid_box, minmay_tetromino_o4
D:3:      layout_basic, shapermc_ecumenical_altar_totnotflames,
          minmay_lizard_king
D:4:      layout_cave_pods, gammafunk_ghost_abyssal_escape, uniq_grinder
D:5:      layout_cave_pods, minmay_temple_entry_ruins, uniq_ijyb,
          uniq_blork_the_orc
D:6:      minmay_recursive_quarters, layout_layer_cave, st_stairs_8,
          uniq_crazy_yiuf_cottage
Temple:   mainiacjoe_temple_starburst
Abyss:1:  base: Temple, hangedman_abyss_lost_library,
          hangedman_decor_peaks_small

Skill      XL: |  1  2  3  4  5  6  7 |
---------------+----------------------+-----
Hexes          | 1 2 |  2.0
Translocations | 1 2 |  2.0
Spellcasting   | 4 5 7 |  7.7
Conjurations   | 5 6 7 |  7.4
Dodging        | |  2.4
Stealth        | |  2.4

Action                   |  1- 3 |  4- 6 |  7- 9 || total
-------------------------+-------+-------+-------++-------
Melee: Unarmed           |       |       |     2 ||     2
 Cast: Magic Dart        |    80 |    41 |     3 ||   124
       Searing Ray       |     2 |    27 |     5 ||    34
Armor: Robe              |     1 |     3 |       ||     4
Dodge: Dodged            |     7 |    12 |     8 ||    27
